 Dungeon Crawl Stone Soup version 0.20-a0-465-g6513c8f (webtiles) character file.

3439 M4edhros the Covert (level 10, -4/68 HPs)
             Began as an Octopode Artificer on Jan 12, 2017.
             Was a Believer of Fedhas.
             Killed by the capriciousness of Xom (27 damage)
             ... on level 8 of the Dungeon.
             The game lasted 00:13:16 (8007 turns).

M4edhros the Covert (Octopode Artificer)            Turns: 8007, Time: 00:13:17

Health: -4/68      AC:  1    Str: 11    XL:     10   Next: 5%
Magic:  15/15      EV: 17    Int: 12    God:    Fedhas [**....]
Gold:   199        SH:  0    Dex: 16    Spells: 9/9 levels left

rFire  . . .     SeeInvis .     H - +2 trident (flame)
rCold  . . .     Gourm    .     (no shield)
rNeg   . . .     Faith    .     (helmet restricted)
rPois  .         Spirit   .     n - amulet of magic regeneration
rElec  .         Reflect  .     z - ring of stealth
rCorr  .         Harm     .     (no ring)
MR     .....                    (no ring)
Stlth  ++++++....               (no ring)
                                (no ring)
                                (no ring)
                                (no ring)
                                (no ring)

@: no status effects
A: almost no armour, stealthy swim, amphibious, 8 rings, constrict 8, camouflage
1, blink, blurry vision 1, deterioration 1, dopey 1, screaming 1, gelatinous
body 1
a: Blink, Fungal Bloom, Evolution, Sunlight, Renounce Religion


You were on level 8 of the Dungeon.
You worshipped Fedhas.
Fedhas was pleased with you.
You were not hungry.

You visited 2 branches of the dungeon, and saw 9 of its levels.

You collected 199 gold pieces.

Inventory:

Hand Weapons
 a - a +1 short sword
 j - a +1 hunting sling
 v - a +0 hunting sling of freezing
 H - a +2 trident of flaming (weapon)
Missiles
 g - 88 sling bullets
 h - 227 stones (quivered)
Armour
 t - a +0 hat
Jewellery
 n - an amulet of magic regeneration (around mantle)
 w - an uncursed ring of ice
 z - a ring of stealth (left tentacle)
Wands
 b - a wand of flame (13/48)
 c - a wand of enslavement (12/24)
 d - a wand of random effects (11/48)
 y - a wand of flame (35/48)
 B - a wand of lightning (9/15)
 F - a wand of clouds (4/9)
 G - a wand of random effects (11/48)
Scrolls
 e - a scroll of fog {unknown}
 i - a scroll of acquirement {unknown}
 k - 5 scrolls of remove curse
 o - 4 scrolls of teleportation {unknown}
 p - a scroll of blinking {unknown}
 q - 2 scrolls of fear {unknown}
 s - 8 scrolls of identify {unknown}
 u - 2 scrolls of enchant armour {unknown}
 A - 2 scrolls of recharging {unknown}
 C - a scroll of noise {unknown}
Potions
 l - a potion of resistance
 m - a potion of lignification
 x - a potion of magic
 D - 2 potions of degeneration {unknown}
 E - a potion of cancellation {unknown}
 I - 2 potions of haste {unknown}
Books
 r - a book of Necromancy

   Spells                             Type                      Level
   a - Pain                           Necromancy                   1
   b - Animate Skeleton               Necromancy                   1
   c - Vampiric Draining              Necromancy                   3
   d - Regeneration                   Charms/Necromancy            3
   e - Animate Dead                   Necromancy                   4
   f - Control Undead                 Necromancy                   4
Comestibles
 f - 6 bread rations


   Skills:
 + Level 5.7 Fighting
 - Level 1.0 Short Blades
 * Level 6.9 Slings
 + Level 5.5 Dodging
 + Level 8.4 Stealth
 * Level 7.6 Invocations
 - Level 3.2 Evocations


You had 9 spell levels left.
You didn't know any spells.

Dungeon Overview and Level Annotations

Branches:
Dungeon (8/15)             Temple (1/1) D:4
   Lair: D:8-11

Altars:
Ashenzari
Cheibriados
Dithmenos
Elyvilon
Fedhas
Gozag
Hepliaklqana
Kikubaaqudgha
Makhleb
Nemelex Xobeh
Okawaru
Qazlal
Ru
Sif Muna
Trog
Uskayaw
Vehumet
Xom
Yredelemnul
Zin
The Shining One

Shops:
D:4 *

Annotations:
D:3 Queen's ghost, amateur DsBe


Innate Abilities, Weirdness & Mutations

You cannot wear most types of armour.
You are very stealthy in the water. (Stealth+)
You are amphibious.
You can wear up to eight rings at the same time.
You can use your tentacles to constrict eight enemies at once.
Your skin changes colour to match your surroundings (Stealth+).
Your rubbery body absorbs attacks. (AC +1, EV +1)
You can translocate small distances at will.
Scrolls take you a little longer to read.
Your body sometimes deteriorates upon taking damage.
You are dopey. (Int -2)
You occasionally shout uncontrollably at your foes.


Message History

Your shambling mangrove hits the killer bee!
Attack whom?
Press: ? - help, Dir - move target cursor, f - killer bee
Aim: a killer bee (heavily wounded)
You reach to attack!
You puncture the killer bee! You burn the killer bee.
You kill the killer bee!
Some toadstools grow from nearby corpses.
Fedhas appreciates your contribution to the ecosystem.
You feel sick.
The ground creaks as gnarled roots bulge its surface.
You start resting.
The grasping roots settle back into the ground.
You start resting.
You feel sick. x3
You are no longer poisoned.
A nearby toadstool withers and dies.
You start resting.
You hear Xom's maniacal laughter.
You are caught in a fiery explosion!
The explosion engulfs you!
You die...
Fedhas appreciates your contribution to the ecosystem.

#.##.....p.##
#.##..######
#.##..# #### #..#
#.P #.)####### #.#
#......... # #.#
##.#######
####.##f###
#.>......
......$@..#
#..######
#.#..##f#.#
####..# ## #.#.#
#.....# ####.. #
#.#.###.##.##
.....)
##.##.#f.).....#
####.#
#.#.........)[####
####..
........#######
.....# #########
######


You could see a friendly shambling mangrove and a friendly wandering mushroom.

Vanquished Creatures
  Pikel (D:8)
  Prince Ribbit (D:7)
  A black bear (D:6)
  2 ogres (D:4)
  2 scorpions
  6 wights
  3 killer bees (D:8)
  3 howler monkeys (D:7)
  An orc wizard (D:4)
  A centaur skeleton (D:6)
  2 orc priests
  A bullfrog skeleton (D:4)
  A worker ant (D:4)
  A worker ant zombie (D:7)
  3 gnolls (D:4)
  7 adders
  2 shadow imps
  An ooze (D:3)
  An adder skeleton (D:5)
  3 worms (D:2)
  A dart slug (D:2)
  5 leopard geckos
  9 orcs
  12 bats
  6 giant cockroaches
  10 goblins
  7 hobgoblins
  9 jackals
  4 kobolds
  A quokka (D:7)
  3 ball pythons (D:4)
  3 frilled lizards
  9 rats
122 creatures vanquished.

Vanquished Creatures (collateral kills)
  A two-headed ogre (D:8)
  A troll (D:8)
  A hippogriff (D:8)
  A sky beast (D:7)
  A slave (D:8)
  2 orc warriors
  A phantom (D:7)
  3 ogres
  A bullfrog (D:6)
  A scorpion (D:8)
  2 killer bees (D:8)
  4 wights
  2 crimson imps
  An orc priest (D:6)
  A centaur skeleton (D:8)
  A bullfrog skeleton (D:5)
  An iguana (D:5)
  3 worker ants
  2 adders
  A howler monkey skeleton (D:6)
  3 orcs (D:7)
34 creatures vanquished.

Vanquished Creatures (others)
  A sky beast (D:6)
  An ogre (D:6)
  A wandering mushroom (D:6)
  74 toadstools
77 creatures vanquished.

Grand Total: 233 creatures vanquished

Notes
Turn   | Place    | Note
-------+----------+-------------------------------------------
     0 | D:1      | M4edhros the Octopode Artificer began the quest for the Orb.
     0 | D:1      | Reached XP level 1. HP: 13/13 MP: 3/3
    15 | D:1      | Reached skill level 2 in Stealth
    41 | D:1      | Reached XP level 2. HP: 18/18 MP: 4/4
    45 | D:1      | Reached skill level 3 in Stealth
   153 | D:2      | Reached skill level 4 in Stealth
   153 | D:2      | Reached XP level 3. HP: 8/23 MP: 5/5
   786 | D:4      | Reached skill level 1 in Slings
   786 | D:4      | Reached XP level 4. HP: 22/28 MP: 6/6
   825 | D:4      | Found Haet's General Store.
   872 | D:4      | Found a glowing drain.
   911 | D:4      | Found a hazy altar of Hepliaklqana.
  1162 | D:4      | Reached XP level 5. HP: 31/34 MP: 7/7
  1196 | D:4      | Found a sacrificial altar of Ru.
  1219 | D:4      | Reached skill level 5 in Stealth
  1526 | D:4      | Found a staircase to the Ecumenical Temple.
  1582 | D:4      | Noticed an ogre
  1607 | Temple   | Entered the Ecumenical Temple
  1656 | Temple   | Became a worshipper of Xom of Chaos
  2148 | Temple   | XOM: harmless Fire miscast
  2250 | Temple   | XOM: harmless Erth miscast
  2504 | Temple   | XOM: noise
  2786 | Temple   | XOM: harmless Pois miscast
  2888 | Temple   | Fell from the grace of Xom
  2888 | Temple   | Became a worshipper of Fedhas Madash
  3425 | D:1      | Reached XP level 6. HP: 41/41 MP: 8/8
  3458 | D:1      | Reached * piety under Fedhas
  3805 | D:2      | Found an opulent altar of Gozag.
  3806 | D:2      | Found a radiant altar of Vehumet.
  3986 | D:3      | Noticed Queen's ghost (amateur DsBe)
  4266 | D:3      | XOM: give mutation
  4266 | D:3      | Gained mutation: Scrolls take you a little longer to read. [Xom's mischief]
  4297 | D:3      | Reached skill level 1 in Invocations
  4532 | D:3      | XOM: god gift: 24 stones
  4635 | D:5      | Entered Level 5 of the Dungeon
  4711 | D:5      | Reached XP level 7. HP: 42/46 MP: 9/9
  5444 | D:6      | Reached skill level 6 in Stealth
  5491 | D:6      | Found a shattered altar of Ashenzari.
  5523 | D:6      | HP: 1/47 [shadow imp/nerve-wracking pain (13)]
  5537 | D:6      | Reached XP level 8. HP: 15/54 MP: 10/10
  5924 | D:6      | XOM: torment (20/54 hp)
  5999 | D:6      | XOM: stat loss: -2 Str (9/11)
  6555 | D:7      | Found a deep blue altar of Sif Muna.
  6555 | D:7      | Noticed Prince Ribbit
  6563 | D:7      | Killed Prince Ribbit
  6563 | D:7      | Reached skill level 5 in Slings
  6563 | D:7      | Reached skill level 7 in Stealth
  6563 | D:7      | Reached skill level 5 in Invocations
  6655 | D:7      | Reached ** piety under Fedhas
  6786 | D:7      | XOM: polymorph wandering mushroom -> shambling mangrove
  6892 | D:7      | XOM: noise
  6902 | D:7      | Reached XP level 9. HP: 39/59 MP: 13/13
  7111 | D:8      | XOM: stat loss: -1 Int (13/14)
  7166 | D:8      | XOM: medium Divn miscast
  7187 | D:8      | Noticed a troll
  7279 | D:8      | Killed a troll
  7279 | D:8      | Reached skill level 5 in Fighting
  7328 | D:8      | XOM: polymorph wandering mushroom -> wandering mushroom
  7367 | D:8      | XOM: give mutations
  7367 | D:8      | Gained mutation: You can translocate small distances at will. [Xom's grace]
  7367 | D:8      | Gained mutation: Your mind is acute. (Int +2) [Xom's grace]
  7397 | D:8      | Found a white marble altar of Elyvilon.
  7397 | D:8      | Found a shadowy altar of Dithmenos.
  7397 | D:8      | Found a glowing silver altar of Zin.
  7397 | D:8      | Found a burning altar of Makhleb.
  7424 | D:8      | Found an ancient bone altar of Kikubaaqudgha.
  7424 | D:8      | Found a bloodstained altar of Trog.
  7541 | D:8      | XOM: give mutations
  7541 | D:8      | Gained mutation: You occasionally shout uncontrollably at your foes. [Xom's mischief]
  7541 | D:8      | Lost mutation: Scrolls take you a little longer to read. [Xom's mischief]
  7541 | D:8      | Lost mutation: Your mind is acute. (Int +2) [Xom's mischief]
  7541 | D:8      | Gained mutation: Your pliable body absorbs attacks. (AC +2, EV +2) [Xom's mischief]
  7565 | D:8      | XOM: mild Air miscast
  7589 | D:8      | Noticed Pikel
  7604 | D:8      | Killed Pikel
  7604 | D:8      | Reached skill level 5 in Dodging
  7604 | D:8      | Reached skill level 8 in Stealth
  7686 | D:8      | Noticed a two-headed ogre
  7710 | D:8      | Killed a two-headed ogre
  7712 | D:8      | Reached XP level 10. HP: 24/68 MP: 15/15
  7835 | D:8      | XOM: give mutations
  7835 | D:8      | Gained mutation: Scrolls take you a little longer to read. [Xom's mischief]
  7835 | D:8      | Gained mutation: You are dopey. (Int -2) [Xom's mischief]
  7835 | D:8      | Lost mutation: Your pliable body absorbs attacks. (AC +2, EV +2) [Xom's mischief]
  7835 | D:8      | Gained mutation: Your body sometimes deteriorates upon taking damage. [Xom's mischief]
  8007 | D:8      | XOM: medium Fire miscast
  8007 | D:8      | Killed by the capriciousness of Xom

Vault maps used:
D:1:      minmay_arrival_four_circles
D:2:      gammafunk_temple_overflow_pools
D:4:      lemuel_doored_altar, lemuel_crystal_altar, serial_shops, shop,
          portal_sewer_entry_e, first_bread
D:6:      evilmike_ruin_ashenzari
D:7:      led_sif_pool, uniq_prince_ribbit1
D:8:      minmay_overflow_temple_hex, serial_shops, shop, uniq_pikel
Temple:   dpeg_three_leaves_temple

Skill      XL: |  1  2  3  4  5  6  7  8  9 |
---------------+----------------------------+-----
Stealth        | 2 4 5 6 7 8 |  8.4
Slings         | 1 2 3 4 5 6 |  6.9
Fighting       | 2 3 4 5 |  5.7
Invocations    | 2 3 5 7 |  7.6
Dodging        | 3 4 5 |  5.5
Short Blades   | |  1.0
Evocations     | |  3.2

Action                   |  1- 3 |  4- 6 |  7- 9 | 10-12 || total
-------------------------+-------+-------+-------+-------++-------
Melee: Short sword       |     5 |    91 |       |       ||    96
       Constrict         |     8 |    23 |    23 |     3 ||    57
       Dagger            |    38 |       |       |       ||    38
       Tentacles         |     6 |    18 |    24 |     1 ||    49
       Trident           |       |       |   123 |     8 ||   131
 Fire: Hunting sling     |    27 |    74 |    70 |       ||   171
Invok: Fungal Bloom      |       |    23 |    13 |     2 ||    38
       Evolution         |       |     1 |     2 |       ||     3
Evoke: Wand              |       |       |     9 |       ||     9
  Use: Scroll            |     3 |       |       |       ||     3
       Potion            |       |       |     4 |       ||     4
 Stab: Sleeping          |     9 |     9 |    12 |     1 ||    31
       Distracted        |       |       |     1 |       ||     1
       Confused          |       |       |     1 |     1 ||     2
  Eat: Chunk             |       |     6 |       |       ||     6
       Bread ration      |       |     1 |       |     1 ||     2
       Pizza             |       |     1 |       |       ||     1
       Beef jerky        |       |       |     1 |       ||     1
       Meat ration       |       |       |     1 |       ||     1
       Royal jelly       |       |       |     1 |       ||     1
Armor: Skin              |     8 |     3 |    13 |       ||    24
Dodge: Dodged            |    25 |    76 |    79 |     7 ||   187
